 Dungeon Crawl Stone Soup version 0.27-a0-604-g29a88b33a7 (webtiles) character file.

Game seed: 2883941436453886351

3345 jestyr24 the Fighter (level 10, -6/106 HPs)
             Began as an Ogre Conjurer on Mar 12, 2021.
             Mangled by Duvessa
             ... wielding a +2 short sword of venom
              (9 damage)
             ... on level 7 of the Dungeon.
             The game lasted 00:49:17 (10024 turns).

jestyr24 the Fighter (Ogre Conjurer)               Turns: 10024, Time: 00:49:18

Health: -6/106     AC:  5    Str: 21    XL:     10   Next: 2%
Magic:  9/19       EV: 10    Int: 22    God:
Gold:   356        SH:  5    Dex: 13    Spells: 13/21 levels left

rFire    . . .     SeeInvis .   y - +6 whip "Edumoj" {vorpal, Str+4}
rCold    . . .     Faith    .   (no shield)
rNeg     . . .     Spirit   .   a - +0 robe
rPois    .         Reflect  +   (helmet restricted)
rElec    .         Harm     .   p - +1 cloak
rCorr    .         Rampage  .   (gloves unavailable)
Will     +....                  (boots unavailable)
Stlth    +++.......             B - amulet of reflection
HPRegen  0.27/turn              F - ring of Moodiness {Str+4 Dex+6 Stlth+}
MPRegen  0.16/turn              (no ring)

@: lethally poisoned (-6 -> -12), about to teleport
A: large, unfitting armour, tough skin 1, evolution 1, MP-powered wands
a: no special abilities


You were on level 7 of the Dungeon.
You visited 1 branch of the dungeon, and saw 7 of its levels.

You collected 356 gold pieces.

Inventory:

Hand Weapons
 e - a +0 longbow
 o - a +3 quarterstaff of chaos
 t - a +0 giant spiked club
 u - a +0 giant club
 v - a +3 flail
 y - the +6 whip "Edumoj" (weapon) {vorpal, Str+4}
   (You found it on level 5 of the Dungeon)

   It inflicts extra damage upon your enemies.
   It affects your strength (+4).
Missiles
 c - 8 silver javelins
 d - 285 stones
 l - 55 poisoned darts (quivered)
 C - 2 curare-tipped darts
 H - 4 throwing nets
Armour
 a - a +0 robe (worn)
 p - a +1 cloak (worn)
 x - a +0 cloak
Jewellery
 B - an amulet of reflection (around neck)
 F - the ring of Moodiness (right hand) {Str+4 Dex+6 Stlth+}
   (You found it on level 6 of the Dungeon)

   [ring of dexterity]

   It affects your strength (+4).
   It affects your dexterity (+6).
   It makes you more stealthy.
Wands
 b - a wand of iceblast (19)
Scrolls
 j - a scroll of fear {unknown}
 m - 3 scrolls of identify
 s - 2 scrolls of amnesia
 w - 4 scrolls of teleportation
 z - 2 scrolls of noise {unknown}
 D - 2 scrolls of immolation {unknown}
 G - a scroll of enchant weapon {unknown}
Potions
 h - a potion of ambrosia {unknown}
 i - a potion of might {unknown}
 k - a potion of attraction {unknown}
 n - 4 potions of flight {unknown}
 q - 3 potions of degeneration {unknown}
 r - a potion of heal wounds {unknown}
 A - a potion of brilliance {unknown}
 E - a potion of resistance {unknown}


   Skills:
 + Level 8.8 Fighting
 * Level 7.6 Maces & Flails
 - Level 4.0 Throwing
 - Level 2.1 Dodging
 - Level 1.4 Stealth
 - Level 6.3 Spellcasting
 - Level 5.8 Conjurations
 - Level 0.1 Transmutations


You had 13 spell levels left.
You knew the following spells:

 Your Spells              Type           Power      Damage    Failure   Level
a - Magic Dart            Conj           100%       1d8       1%          1
b - Searing Ray           Conj           64%        3d5       1%          2
c - Beastly Appendage     Tmut           14%        N/A       9%          1
d - Fulminant Prism       Conj/Hex       9%         3d7       26%         4

Your spell library contained the following spells:

 Spells                   Type           Power      Damage    Failure   Level
 Conjure Flame            Conj/Fire      19%        6-21      9%          3
 Dazzling Flash           Conj/Hex       38%        N/A       9%          3
 Wereblood                Tmut           7%         N/A       12%         2
 Mephitic Cloud           Conj/Pois/Air  15%        N/A       12%         3
 Blink                    Tloc           N/A        N/A       14%         2
 Call Imp                 Summ           6%         N/A       14%         2
 Slow                     Hex            6%         N/A       14%         2
 Spider Form              Tmut/Pois      3%         N/A       26%         3
 Iskenderun's Mystic Bla  Conj/Tloc      19%        2d6       26%         4
 Ice Form                 Ice/Tmut       7%         N/A       65%         4
 Blade Hands              Tmut           3%         N/A       92%         5


Dungeon Overview and Level Annotations

Branches:
Dungeon (7/15)
 Temple: D:4-7

Altars:
Dithmenos
Gozag
Okawaru
Trog
Xom

Annotations:
D:7 Duvessa


Innate Abilities, Weirdness & Mutations

You are too large for most types of armour.
You have tough skin. (AC +1)
You evolve.
You expend magic power (3 MP) to strengthen your wands.


Message History

Duvessa is moderately wounded.
You feel sick. Duvessa barely misses you.
You hit Duvessa.
Duvessa is heavily wounded.
Duvessa hits you with a +2 short sword of venom!
You closely miss Duvessa.
Duvessa is heavily wounded.
You feel sick.
Duvessa hits you with a +2 short sword of venom!
* * * LOW HITPOINT WARNING * * *
You are more poisoned.
You hit Duvessa but do no damage.
Duvessa is heavily wounded.
You feel sick. Duvessa barely misses you.
You hit Duvessa.
Duvessa is heavily wounded.
You feel sick.
Duvessa hits you with a +2 short sword of venom!
* * * LOW HITPOINT WARNING * * *
You are more poisoned.
Duvessa misses you.
You feel better. Duvessa closely misses you.
As you read the scroll labelled TECAIVVIGA, it crumbles to dust.
It is a scroll of identify.
w - 5 scrolls of teleportation Duvessa closely misses you.
You block Duvessa's attack.
As you read the scroll of teleportation, it crumbles to dust.
You feel strangely unstable.
Duvessa hits you with a +2 short sword of venom.
* * * LOW HITPOINT WARNING * * *
You are lethally poisoned!
* * * LOW HITPOINT WARNING * * *
You feel sick. You block Duvessa's attack.
* * * LOW HITPOINT WARNING * * *
You feel sick.
You see here a +0 club.
* * * LOW HITPOINT WARNING * * *
You feel sick.
Duvessa hits you with a +2 short sword of venom!
You die...

#..........#
####.########.#
..##.# #.# #.##.#
#.# # #.##.# #.#
[.. #.##.# #.#
..o.#########.##)#
#.#
#.).†....#.##)#
#.#
##.......)(.e@#
#.#
##..###.#(########
#.# #..#
#.#..).....# #.#
.:#.# #.########.#
#.# .....###.###
#. #.#
..####.......# #.
#.# . ##..###.# #.
#.# #.. #.#
#.####.#
...#.###.#
#...##.#


You could see Duvessa (berserk).

Vanquished Creatures
  Harold (D:7)
  Grinder (D:4)
  Prince Ribbit (D:7)
  Sigmund (D:2)
  An ice beast (D:7)
  A sky beast (D:6)
  3 ogres
  2 phantoms
  2 kobold brigands (D:5)
  3 bullfrogs
  Dowan (D:7)
  3 howler monkeys
  A bullfrog zombie (D:6)
  5 hounds
  2 quasits (D:7)
  2 centaur skeletons (D:6)
  3 orc priests (D:6)
  Crazy Yiuf (D:2)
  2 iguanas (D:5)
  A bullfrog skeleton (D:5)
  Natasha (thrice) (D:3 D:2)
  5 orc wizards
  5 worker ants
  2 hound skeletons (D:4)
  Robin (D:2)
  4 gnolls (D:5)
  3 adders
  2 oozes
  4 worms
  A dart slug (D:2)
  4 leopard geckos
  20 orcs
  4 giant cockroaches
  14 goblins
  16 hobgoblins
  13 jackals
  9 kobolds
  5 quokkas
  18 bats
  2 frilled lizards
  A giant cockroach zombie (D:5)
  2 leopard gecko skeletons
  8 rats
183 creatures vanquished.

Vanquished Creatures (others)
  4 fungi (D:2)
4 creatures vanquished.

Grand Total: 187 creatures vanquished

Notes
Turn   | Place    | Note
-------+----------+-------------------------------------------
     0 | D:1      | jestyr24 the Ogre Conjurer began the quest for the Orb.
     0 | D:1      | Reached XP level 1. HP: 16/16 MP: 3/3
   281 | D:1      | You fall into a shaft and drop 1 floor!
   363 | D:2      | Reached XP level 2. HP: 25/26 MP: 0/5
   492 | D:2      | Reached skill level 1 in Fighting
   546 | D:2      | Learned a level 2 spell: Searing Ray
   588 | D:2      | Noticed Robin
   628 | D:3      | Reached XP level 3. HP: 8/33 MP: 0/7
   660 | D:3      | Noticed Natasha
   879 | D:2      | Killed Robin
  1218 | D:2      | Noticed Sigmund
  1627 | D:1      | Reached XP level 4. HP: 34/41 MP: 8/8
  1737 | D:1      | Reached skill level 1 in Throwing
  2238 | D:2      | Learned a level 1 spell: Beastly Appendage
  2243 | D:2      | Learned a level 4 spell: Fulminant Prism
  2610 | D:2      | Killed Sigmund
  2611 | D:2      | Reached skill level 3 in Fighting
  2611 | D:2      | Reached XP level 5. HP: 53/53 MP: 1/10
  2611 | D:2      | Reached XP level 6. HP: 61/61 MP: 1/11
  2838 | D:2      | Found a runed translucent door.
  2839 | D:2      | Noticed Crazy Yiuf
  2847 | D:2      | Killed Crazy Yiuf
  2903 | D:3      | Killed Natasha
  2975 | D:3      | Noticed Natasha
  3355 | D:3      | Found a shimmering altar of Xom.
  3523 | D:3      | Killed Natasha
  3579 | D:3      | Noticed Natasha
  3621 | D:2      | Killed Natasha
  4205 | D:4      | Found an opulent altar of Gozag.
  4292 | D:4      | Reached XP level 7. HP: 51/67 MP: 13/13
  4355 | D:4      | Reached skill level 5 in Conjurations
  4777 | D:4      | Reached skill level 4 in Fighting
  4858 | D:4      | Reached skill level 5 in Spellcasting
  5113 | D:4      | Noticed Grinder
  5121 | D:4      | Killed Grinder
  5122 | D:4      | Reached skill level 5 in Fighting
  5122 | D:4      | Reached skill level 1 in Maces & Flails
  5122 | D:4      | Reached XP level 8. HP: 33/81 MP: 6/16
  5539 | D:5      | Entered Level 5 of the Dungeon
  5543 | D:5      | Found an iron altar of Okawaru.
  5822 | D:5      | Reached skill level 6 in Fighting
  6038 | D:5      | Identified the +6 whip "Edumoj" {vorpal, Str+4}
  6068 | D:5      | Found a bloodstained altar of Trog.
  7005 | D:5      | Reached skill level 7 in Fighting
  7727 | D:6      | Reached XP level 9. HP: 93/93 MP: 13/18
  8057 | D:6      | Identified the ring of Moodiness {Str+4 Dex+6 Stlth+}
  8074 | D:6      | Found a shadowy altar of Dithmenos.
  9180 | D:7      | Reached skill level 5 in Maces & Flails
  9232 | D:7      | Noticed Prince Ribbit
  9241 | D:7      | Killed Prince Ribbit
  9242 | D:7      | Reached skill level 8 in Fighting
  9674 | D:7      | Noticed Duvessa
  9758 | D:7      | Noticed Harold
  9773 | D:7      | Killed Harold
  9949 | D:7      | Reached XP level 10. HP: 106/106 MP: 13/19
 10000 | D:7      | Noticed Dowan
 10004 | D:7      | Killed Dowan
 10011 | D:7      | Gained mutation: You evolve. [potion of mutation]
 10011 | D:7      | Gained mutation: You expend magic power (3 MP) to
                  | strengthen your wands. [potion of mutation]
 10018 | D:7      | HP: 5/106 [Duvessa/+2 short sword of venom (12)]
 10023 | D:7      | HP: 4/106 [poisoned by Duvessa]
 10024 | D:7      | Mangled by Duvessa

Illustrated notes

Levels and vault maps discovered:
D:1:      dpeg_arrival_lava_temple_mockup, layout_basic, serial_park_tiny_1
D:2:      layout_rooms, uniq_crazy_yiuf_cottage, uniq_sigmund, uniq_robin
D:3:      layout_rooms, xom_butterflies, uniq_natasha
D:4:      layout_loops_ring, roderic_batcave, st_stairs_12,
          nicolae_gozag_cash_rules_everything_around_me, uniq_grinder
D:5:      cheibrodos_thug_alley, layout_loops_ring, basic_altar,
          okawaru_metal_pillars_1_2
D:6:      layout_gridville, grunt_dithmenos_smoke
D:7:      layout_loops_ring, minmay_temple_entry_wispy, uniq_harold,
          uniq_duvessa, uniq_prince_ribbit1

Skill      XL: |  1  2  3  4  5  6  7  8  9 |
---------------+----------------------------+-----
Fighting       | 1 3 5 7 8 |  8.8
Conjurations   | 4 5 |  5.8
Dodging        | 2 |  2.1
Throwing       | 2 3 4 |  4.0
Spellcasting   | 3 4 5 6 |  6.3
Maces & Flails | 1 3 7 |  7.6
Stealth        | |  1.4
Transmutations | |  0.1

Action                   |  1- 3 |  4- 6 |  7- 9 | 10-12 || total
-------------------------+-------+-------+-------+-------++-------
Melee: Unarmed           |    26 |       |       |       ||    26
       Dagger            |    13 |    55 |       |       ||    68
       Quarterstaff      |       |    49 |    17 |       ||    66
       Headbutt          |       |     2 |       |       ||     2
       Kick              |       |     1 |       |       ||     1
       Flail             |       |       |    35 |       ||    35
       Whip              |       |       |   142 |     6 ||   148
Throw: Stone             |     5 |    12 |       |       ||    17
       Dart              |       |     8 |     2 |       ||    10
 Cast: Magic Dart        |    50 |    25 |    29 |       ||   104
       Searing Ray       |     6 |    22 |    35 |     4 ||    67
       Beastly Appendage |       |     1 |     1 |       ||     2
  Use: Scroll            |       |     4 |       |     2 ||     6
       Potion            |       |     1 |       |     3 ||     4
 Stab: Sleeping          |     1 |     1 |     4 |       ||     6
Armor: Robe              |    16 |    39 |    80 |     2 ||   137
Dodge: Dodged            |    41 |    49 |    92 |     8 ||   190
Block: Other             |       |       |     4 |     4 ||     8

Table legend: (Time is in decaauts)
 A = Elapsed time spent in this place.
 B = Non-inter-level travel time spent in this place.
 C = Inter-level travel time spent in this place.
 D = Time resting spent in this place.
 E = Time spent auto-exploring this place.
 F = Levels seen in this place.
 G = Mean time per level.
                   A        B        C        D        E       F      G
               +--------+--------+--------+--------+--------+-----+--------+
         Total |  10058 |   9703 |    355 |   3326 |   4474 |   7 | 1436.9 |
       Dungeon |  10058 |   9703 |    355 |   3326 |   4474 |   7 | 1436.9 |
               +--------+--------+--------+--------+--------+-----+--------+

Top non-repeatable levels by time:
     D:5: 2013 daAuts
     D:2: 2006 daAuts
     D:6: 1597 daAuts
     D:4: 1476 daAuts
     D:1: 1174 daAuts
     D:3: 910 daAuts
     D:7: 879 daAuts
